 Dungeon Crawl Stone Soup version 0.31-a0-986-g5e6e4ef867 (webtiles) character file.

Game seed: 18194993032256355562

83 tromp the Sneak (level 4, -4/27 HPs)
             Began as a Kobold Brigand on Nov 18, 2023.
             Killed from afar by Natasha (6 damage)
             ... with a magic dart
             ... on level 2 of the Dungeon.
             The game lasted 00:16:36 (1790 turns).

tromp the Sneak (Kobold Brigand)                    Turns: 1790, Time: 00:16:41

Health: -4/27      AC:  5    Str:  8    XL:     4   Next: 71%
Magic:  4/4        EV: 14    Int: 12    God:
Gold:   74         SH:  0    Dex: 18    Spells: 3/3 levels left

rFire   + . .        a - +2 dagger
rCold   x . .        (no shield)
rNeg    . . .        g - +0 leather armour
rPois   +            (no helmet)
rElec   .            c - +0 cloak
rCorr   .            (no gloves)
SInv    .            h - +0 pair of boots
Will    .....        (no amulet)
Stlth   ++++         j - ring of fire
HPRegen 0.24/turn    i - ring of poison resistance
MPRegen 0.09/turn

%: no passive effects
@: about to teleport, slowed, very slow
A: small, no large weapons, nightstalker 3
a: no special abilities


You were on level 2 of the Dungeon.
You visited 1 branch of the dungeon, and saw 2 of its levels.

You collected 74 gold pieces.

Inventory:

Hand Weapons
 a - a +2 dagger (weapon)
 k - a +1 short sword
Missiles
 d - 9 poisoned darts (quivered)
 e - 3 curare-tipped darts
 f - 16 stones
Armour
 b - a +0 robe
 c - a +0 cloak (worn)
 g - a +0 leather armour (worn)
 h - a +0 pair of boots (worn)
Jewellery
 i - a ring of poison resistance (right hand)
 j - a ring of fire (left hand)
Scrolls
 l - a scroll of revelation
Potions
 o - a potion of cancellation {unknown}
 p - a potion of brilliance {unknown}


   Skills:
 + Level 2.3 Fighting
 + Level 3.5 Short Blades
 + Level 2.2 Throwing
 + Level 0.5 Armour
 * Level 2.3 Dodging
 + Level 6.7 Stealth


You had 3 spell levels left.
You didn't know any spells.
Your spell library contained the following spells:

 Spells                   Type           Power      Damage    Failure   Level
 Lesser Beckoning         Tloc           0%         N/A       56%         2
 Gell's Gravitas          Tloc           0%         N/A       80%         3
 Teleport Other           Tloc           0%         N/A       80%         3


Dungeon Overview and Level Annotations

Branches:
Dungeon (2/15)

Altars:

Annotations:
D:2 Natasha


Innate Abilities, Weirdness & Mutations

You are small and have problems with some larger weapons.
You are completely attuned to the shadows.


Message History

Natasha is moderately wounded.
Natasha closely misses you. The cerulean imp misses you.
You hit Natasha but do no damage.
Natasha is moderately wounded.
Natasha claws you.
The cerulean imp hits you from afar with a +2 spear.
You hit Natasha but do no damage.
Natasha is moderately wounded.
Natasha stares at you and mumbles some strange words.
The magic dart hits you. The cerulean imp closely misses you.
Natasha barely misses you.
You hit Natasha.
Natasha is heavily wounded.
The cerulean imp hits you but does no damage.
Natasha casts a spell.
The cerulean imp hits you from afar with a +2 spear.
You barely miss Natasha.
Natasha is heavily wounded.
Natasha barely misses you.
The cerulean imp hits you with a +2 spear.
The cerulean imp closely misses you.
You hit Natasha.
Natasha is severely wounded.
Natasha claws you.
* * * LOW HITPOINT WARNING * * *
The cerulean imp hits you but does no damage.
The cerulean imp hits you from afar with a +2 spear.
* * * LOW HITPOINT WARNING * * *
Natasha stares at you and mumbles some strange words.
The magic dart hits you.
* * * LOW HITPOINT WARNING * * *
As you read the scroll of teleportation, it crumbles to dust.
You feel strangely unstable. The cerulean imp closely misses you.
The cerulean imp hits you but does no damage.
Natasha mumbles some strange words.
Natasha's front paws start to glow.
Natasha stares at you and mumbles some strange words.
The magic dart hits you.
You die...
Natasha curls up and begins to purr.

....##.# ####.##.........###.....
....##.# #.##.##.#.##.......#.
.......# #.##.##.#.##.........
#.#.##.### #..........+..<......
..#......#######.##.#.[#.........
#.#........# #....#..#.....#...
#.#........#####'#...............
#.#...........5h....#.......####.
#.#............5@...........# #.
..+.....................##### ##
#.#........#####+#.##.#.#########
.........#...# #.................
########.#...###.#.##.###########
#.#...+...........#
#.#...###.#.##.####
#.#...###.#.##.######
#.'...'..............


You could see Natasha and 2 cerulean imps.

Vanquished Creatures
  Natasha (D:2)
  An adder (D:2)
  A worm (D:2)
  2 dart slugs
  4 ball pythons (D:2)
  2 endoplasms (D:1)
  3 goblins
  6 hobgoblins
  5 jackals (D:2)
  6 bats
  4 kobolds
  3 rats
38 creatures vanquished.

Notes
Turn   | Place    | Note
-------+----------+-------------------------------------------
     0 | D:1      | tromp the Kobold Brigand began the quest for the Orb.
     0 | D:1      | Reached XP level 1. HP: 12/12 MP: 1/1
   241 | D:1      | Reached XP level 2. HP: 17/17 MP: 2/2
   806 | D:2      | Reached skill level 6 in Stealth
   806 | D:2      | Reached XP level 3. HP: 21/21 MP: 3/3
  1320 | D:2      | Noticed Natasha
  1334 | D:2      | Killed Natasha
  1335 | D:2      | Reached XP level 4. HP: 7/27 MP: 4/4
  1554 | D:2      | Noticed Natasha
  1790 | D:2      | Killed from afar by Natasha

Illustrated notes

Levels and vault maps discovered:
D:1:      wander_arrival_lonely_grave, layout_basic
D:2:      layout_basic, minmay_crystal_water, minmay_joined_circles,
          uniq_natasha

Skill      XL: |  1  2  3 |
---------------+----------+-----
Short Blades   | 3 |  3.5
Stealth        | 6 |  6.7
Dodging        | 2 |  2.3
Fighting       | |  2.3
Throwing       | |  2.2
Armour         | |  0.5

Action                     |  1- 3 |  4- 6 || total
---------------------------+-------+-------++-------
  Melee: Dagger            |    34 |    16 ||    50
         Short sword       |    53 |    11 ||    64
    Use: Scroll            |     3 |     3 ||     6
         Potion            |     2 |       ||     2
   Stab: Sleeping          |    14 |     7 ||    21
 Armour: Robe              |     3 |       ||     3
         Leather armour    |    28 |    21 ||    49
  Dodge: Dodged            |    58 |    20 ||    78

Table legend: (Time is in decaauts)
 A = Elapsed time spent in this place.
 B = Non-inter-level travel time spent in this place.
 C = Inter-level travel time spent in this place.
 D = Time resting spent in this place.
 E = Time spent auto-exploring this place.
 F = Levels seen in this place.
 G = Mean time per level.
                   A        B        C        D        E       F      G
               +--------+--------+--------+--------+--------+-----+--------+
         Total |   1789 |   1787 |      2 |    181 |    844 |   2 |  894.5 |
       Dungeon |   1789 |   1787 |      2 |    181 |    844 |   2 |  894.5 |
               +--------+--------+--------+--------+--------+-----+--------+

Top non-repeatable levels by time:
     D:2: 1062 daAuts
     D:1: 727 daAuts
